 Dungeon Crawl Stone Soup version 0.26.1-11-gd32895ea62 (webtiles) character file.

Game seed: 2140663344418822896

86 H0rd4k the Insei (level 4, 0/28 HPs)
             Began as an Octopode Transmuter on July 20, 2021.
             Slain by Grinder (4 damage)
             ... while paralysed by Grinder
             ... on level 3 of the Dungeon.
             The game lasted 00:01:43 (2529 turns).

H0rd4k the Insei (Octopode Transmuter)              Turns: 2529, Time: 00:01:44

Health: 0/28       AC:  1    Str:  9    XL:     4   Next: 49%
Magic:  4/7        EV:  2    Int: 16    God:
Gold:   45         SH:  0    Dex: 12    Spells: 3/7 levels left

rFire    . . .     SeeInvis .     - Unarmed
rCold    . . .     Faith    .   (no shield)
rNeg     . . .     Spirit   .   (helmet restricted)
rPois    .         Reflect  .   (no amulet)
rElec    .         Harm     .   (no ring)
rCorr    .         Rampage  .   (no ring)
Will     .....                  (no ring)
Stlth    ++........             (no ring)
HPRegen  0.09/turn              (no ring)
MPRegen  0.10/turn              (no ring)
                                (no ring)
                                (no ring)

@: paralysed, lethally poisoned (0 -> -5), very slightly contaminated
A: almost no armour, stealthy swim, amphibious, 8 rings, constrict 8, camouflage
1, gelatinous body 1
a: no special abilities


You were on level 3 of the Dungeon.
You visited 1 branch of the dungeon, and saw 3 of its levels.

You collected 45 gold pieces.

Inventory:

Missiles
 c - 11 poisoned darts
Scrolls
 a - a scroll of remove curse {unknown}
 d - a scroll of amnesia {unknown}
 e - a scroll of random uselessness {unknown}
 f - a scroll of magic mapping {unknown}
 h - a scroll of teleportation {unknown}
Potions
 b - a potion of heal wounds {unknown}
 g - a potion of degeneration {unknown}


   Skills:
 + Level 1.0 Fighting
 + Level 2.4 Dodging
 - Level 0.2 Stealth
 + Level 4.3 Unarmed Combat
 * Level 2.2 Spellcasting
 * Level 2.2 Transmutations
 - Level 1.5 Poison Magic


You had 3 spell levels left.
You knew the following spells:

 Your Spells              Type           Power        Failure   Level
a - Beastly Appendage     Tmut           18%          8%          1
b - Spider Form           Tmut/Pois      3%           28%         3

Your spell library contained the following spells:

 Spells                   Type           Power        Failure   Level
 Wereblood                Tmut           9%           12%         2
 Ice Form                 Ice/Tmut       5%           77%         4
 Blade Hands              Tmut           4%           91%         5


Dungeon Overview and Level Annotations

Branches:
Dungeon (3/15)

Altars:

Annotations:
D:2 1 runed translucent door, exclusion: door, Crazy Yiuf
D:3 Grinder


Innate Abilities, Weirdness & Mutations

You cannot wear most types of armour.
You are very stealthy in the water. (Stealth+)
You are amphibious.
You can wear up to eight rings at the same time.
You can use your tentacles to constrict eight enemies at once.
Your skin changes colour to match your surroundings (Stealth+).
Your rubbery body absorbs attacks. (AC +1, EV +1)


Message History

The spell is extremely dangerous to cast (28% risk of failure)!
Continue anyway?
You miscast Spider Form.
You are very lightly contaminated with residual magic.
Multicoloured lights dance before your eyes.
The kobold shouts!
You hear an angry hiss.
An adder comes into view.
Grinder comes into view.
The kobold throws a stone.
The stone closely misses you.
Unknown command.
Grinder gestures at you.
You suddenly lose the ability to move!
The kobold barely misses you. The kobold hits you with a +0 whip.
The adder bites you. The kobold hits you with a +0 whip. The adder bites you.
You are poisoned.
The adder poisons you!
You feel sick. The adder bites you but does no damage.
The kobold hits you with a +0 whip. Grinder hits you!
* * * LOW HITPOINT WARNING * * *
You writhe in agony.
You die...

#####
#(..#
#.@5#
#SKS.#
##...#
#....#
##.....
.⌠...#
....##
...##


You could see Grinder, 2 adders and a kobold.

Vanquished Creatures
  3 adders (D:2)
  An ooze (D:2)
  2 worms (D:2)
  A dart slug (D:2)
  A leopard gecko (D:2)
  7 giant cockroaches
  5 goblins
  6 hobgoblins
  4 kobolds
  A quokka (D:2)
  2 ball pythons
  4 bats
  3 frilled lizards
  4 rats
44 creatures vanquished.

Notes
Turn   | Place    | Note
-------+----------+-------------------------------------------
     0 | D:1      | H0rd4k the Octopode Transmuter began the quest for the Orb.
     0 | D:1      | Reached XP level 1. HP: 13/13 MP: 3/3
   134 | D:1      | Reached XP level 2. HP: 14/18 MP: 5/5
   999 | D:1      | Reached XP level 3. HP: 19/23 MP: 6/6
  1003 | D:1      | Learned a level 3 spell: Spider Form
  1383 | D:2      | Reached skill level 4 in Unarmed Combat
  1401 | D:2      | Reached skill level 1 in Poison Magic
  1499 | D:2      | Found a runed translucent door.
  1500 | D:2      | Noticed Crazy Yiuf
  1536 | D:2      | Reached XP level 4. HP: 20/28 MP: 5/7
  2523 | D:3      | Noticed Grinder
  2524 | D:3      | Paralysed by Grinder for 6 turns
  2529 | D:3      | Slain by Grinder

Illustrated notes

Levels and vault maps discovered:
D:1:      scummos_arrival_simple_crosswalls, layout_basic,
          minmay_stone_trees_medium, minmay_misc_feat_nine_boxes
D:2:      layout_basic, uniq_crazy_yiuf_cottage
D:3:      layout_basic, led_sif_book, grunt_ministairs_12, minmay_fountain_box,
          uniq_ijyb, uniq_grinder, uniq_natasha

Skill      XL: |  1  2  3 |
---------------+----------+-----
Unarmed Combat | 4 |  4.3
Poison Magic   | 1 |  1.5
Fighting       | |  1.0
Dodging        | |  2.4
Stealth        | |  0.2
Spellcasting   | |  2.2
Transmutations | |  2.2

Action                   |  1- 3 |  4- 6 || total
-------------------------+-------+-------++-------
Melee: Unarmed           |    87 |    25 ||   112
       Constrict         |    22 |     8 ||    30
       Tentacles         |    11 |     7 ||    18
       Punch             |     1 |     2 ||     3
       Kick              |     8 |     1 ||     9
 Cast: Beastly Appendage |     3 |       ||     3
 Stab: Sleeping          |     1 |     3 ||     4
Armor: Skin              |     4 |     3 ||     7
Dodge: Dodged            |    58 |    11 ||    69
